TOP OF THE 1ST |
Arizona Diamondbacks batting - Pitching for Pittsburgh Pirates : RHP Michel Baez
|
Pitching: RHP Michel Baez
|
|
Batting: RHB Ramon Laureano
|
0-0: Fly out, F7 (Flyball, 7S, EV 83.1 MPH)
|
Batting: LHB Raimel Tapia
|
0-0: Ball 1-0: Foul Ball, location: 2F 1-1: Fly out, F7 (Line Drive, 7D, EV 105.6 MPH)
|
Batting: RHB Gleyber Torres
|
0-0: Swinging Strike 0-1: Ground out 6-3 (Groundball, 6, EV 105.0 MPH)
|
Top of the 1st over - 0 runs, 0 hits, 0 errors, 0 left on base; Arizona 0 - Pittsburgh 0 |
BOTTOM OF THE 1ST |
Pittsburgh Pirates batting - Pitching for Arizona Diamondbacks : LHP Max Fried
|
Pitching: LHP Max Fried
|
|
Batting: RHB Byron Buxton
|
0-0: Called Strike 0-1: DOUBLE (Flyball, 9LD, EV 114.4 MPH)
|
Batting: LHB LaMonte Wade Jr.
|
0-0: Called Strike 0-1: Fly out, F4 (Line Drive, 4, EV 71.3 MPH)
|
Batting: LHB Didi Gregorius
|
0-0: Called Strike 0-1: Fly out, F9 (Flyball, 9LM, EV 88.1 MPH)
|
Batting: RHB Franmil Reyes
|
0-0: Called Strike 0-1: Ball 1-1: Foul Ball, location: 2F 1-2: Fly out, F8 (Flyball, 8RM, EV 96.3 MPH)
|
Bottom of the 1st over - 0 runs, 1 hit, 0 errors, 1 left on base; Arizona 0 - Pittsburgh 0 |
TOP OF THE 2ND |
Arizona Diamondbacks batting - Pitching for Pittsburgh Pirates : RHP Michel Baez
|
Batting: RHB Anthony Rendon
|
0-0: Ball 1-0: Ball 2-0: Called Strike 2-1: Foul Ball, location: 2F 2-2: Ground out 5-3 (Groundball, 5S, EV 81.9 MPH)
|
Batting: RHB Fernando Tatis Jr.
|
0-0: Called Strike 0-1: Foul Ball, location: 2F 0-2: Ball 1-2: DOUBLE (Flyball, 78D, EV 92.5 MPH)
|
Batting: LHB Ryan McMahon
|
0-0: Ball 1-0: Ball 2-0: Ball 3-0: Called Strike 3-1: Base on Balls
|
Batting: LHB Josh Reddick
|
0-0: Foul Ball, location: 2F 0-1: Called Strike 0-2: Strikes out swinging
|
Batting: SHB Francisco Mejia
|
0-0: Foul Ball, location: 2F 0-1: Ball 1-1: Called Strike 1-2: Strikes out looking
|
Top of the 2nd over - 0 runs, 1 hit, 0 errors, 2 left on base; Arizona 0 - Pittsburgh 0 |
BOTTOM OF THE 2ND |
Pittsburgh Pirates batting - Pitching for Arizona Diamondbacks : LHP Max Fried
|
Batting: RHB Ryan Zimmerman
|
0-0: Swinging Strike 0-1: SINGLE (Line Drive, 8RS, EV 100.0 MPH)
|
Batting: RHB Renato Nunez
|
0-0: Fly out, F7 (Flyball, 78S, EV 86.9 MPH)
|
Batting: LHB Jason Kipnis
|
0-0: Swinging Strike 0-1: Foul Ball, location: 2F 0-2: Foul Ball, location: 2F 0-2: Ball 1-2: Ball 2-2: Fly out, F7 (Line Drive, 7, EV 103.1 MPH)
|
Batting: RHB Josh Phegley
|
0-0: DOUBLE (Line Drive, 9LD, EV 110.0 MPH) Ryan Zimmerman to third Runner from 3rd tries for Home, SAFE, throw by RF to home
|
Batting: RHB Michel Baez
|
0-0: Ball 1-0: Foul Ball, location: 2F 1-1: Foul Ball, location: 2F 1-2: Strikes out swinging
|
Bottom of the 2nd over - 1 run, 2 hits, 0 errors, 1 left on base; Arizona 0 - Pittsburgh 1 |
TOP OF THE 3RD |
Arizona Diamondbacks batting - Pitching for Pittsburgh Pirates : RHP Michel Baez
|
Batting: LHB Max Fried
|
0-0: Called Strike 0-1: Swinging Strike 0-2: Ball 1-2: Ball 2-2: Fly out, F6 (Line Drive, 6, EV 75.6 MPH)
|
Batting: RHB Ramon Laureano
|
0-0: Called Strike 0-1: Ball 1-1: Ball 2-1: Fly out, F8 (Flyball, 78M, EV 86.9 MPH)
|
Batting: LHB Raimel Tapia
|
0-0: DOUBLE (Groundball, 3L, EV 104.4 MPH)
|
Batting: RHB Gleyber Torres
|
0-0: Called Strike 0-1: Swinging Strike 0-2: Ground out 5-3 (Groundball, 56S, EV 86.3 MPH)
|
Top of the 3rd over - 0 runs, 1 hit, 0 errors, 1 left on base; Arizona 0 - Pittsburgh 1 |
BOTTOM OF THE 3RD |
Pittsburgh Pirates batting - Pitching for Arizona Diamondbacks : LHP Max Fried
|
Batting: RHB Byron Buxton
|
0-0: Called Strike 0-1: Ball 1-1: Ball 2-1: SINGLE (Flyball, 3D, EV 93.1 MPH)
|
Batting: LHB LaMonte Wade Jr.
|
0-0: Ball 1-0: Fly out, F9 (Flyball, 9D, EV 88.8 MPH)
|
Batting: LHB Didi Gregorius
|
0-0: Foul Ball, location: 2F 0-1: SINGLE (Groundball, 34D, EV 106.9 MPH) Byron Buxton to second Runner from 2nd tries for 3rd, SAFE, no throw by RF
|
Batting: RHB Franmil Reyes
|
0-0: Called Strike 0-1: Grounds into double play, 6-4-3 (Groundball, 6, EV 83.8 MPH)
|
Bottom of the 3rd over - 0 runs, 2 hits, 0 errors, 1 left on base; Arizona 0 - Pittsburgh 1 |
TOP OF THE 4TH |
Arizona Diamondbacks batting - Pitching for Pittsburgh Pirates : RHP Michel Baez
|
Batting: RHB Anthony Rendon
|
0-0: Ball 1-0: Ball 2-0: Ball 3-0: Called Strike 3-1: Called Strike 3-2: Fly out, F8 (Flyball, 8LM, EV 89.4 MPH)
|
Batting: RHB Fernando Tatis Jr.
|
0-0: Swinging Strike 0-1: Ball 1-1: Swinging Strike 1-2: Strikes out swinging
|
Batting: LHB Ryan McMahon
|
0-0: Fly out, F9 (Flyball, 89D, EV 75.0 MPH)
|
Top of the 4th over - 0 runs, 0 hits, 0 errors, 0 left on base; Arizona 0 - Pittsburgh 1 |
BOTTOM OF THE 4TH |
Pittsburgh Pirates batting - Pitching for Arizona Diamondbacks : LHP Max Fried
|
Batting: RHB Ryan Zimmerman
|
0-0: Ground out 6-3 (Groundball, 6, EV 103.1 MPH)
|
Batting: RHB Renato Nunez
|
0-0: Ground out 5-3 (Groundball, 56S, EV 90.0 MPH)
|
Batting: LHB Jason Kipnis
|
0-0: Ball 1-0: Called Strike 1-1: SINGLE (Line Drive, 6MD, EV 104.4 MPH)
|
Batting: RHB Josh Phegley
|
0-0: Ball 1-0: Ground out 4-3 (Groundball, 4, EV 80.0 MPH)
|
Bottom of the 4th over - 0 runs, 1 hit, 0 errors, 1 left on base; Arizona 0 - Pittsburgh 1 |
TOP OF THE 5TH |
Arizona Diamondbacks batting - Pitching for Pittsburgh Pirates : RHP Michel Baez
|
Batting: LHB Josh Reddick
|
0-0: Ball 1-0: SINGLE (Groundball, 3D, EV 95.6 MPH)
|
Batting: SHB Francisco Mejia
|
0-0: Called Strike 0-1: Called Strike 0-2: Strikes out swinging
|
Batting: LHB Max Fried
|
0-0: Ball 1-0: Sac Bunt to 2R - play at second, runner OUT! 2-6
|
Batting: RHB Ramon Laureano
|
0-0: Ball 1-0: Called Strike 1-1: Ball 2-1: Foul Ball, location: 2F 2-2: Ball 3-2: Strikes out swinging
|
Top of the 5th over - 0 runs, 1 hit, 0 errors, 1 left on base; Arizona 0 - Pittsburgh 1 |
BOTTOM OF THE 5TH |
Pittsburgh Pirates batting - Pitching for Arizona Diamondbacks : LHP Max Fried
|
Batting: RHB Michel Baez
|
0-0: Foul Ball, location: 2F 0-1: Ball 1-1: Ball 2-1: Foul Ball, location: 2F 2-2: Foul Ball, location: 2F 2-2: Strikes out swinging
|
Batting: RHB Byron Buxton
|
0-0: Called Strike 0-1: DOUBLE (Line Drive, 9LM, EV 107.5 MPH)
|
Batting: LHB LaMonte Wade Jr.
|
0-0: Fly out, F5 (Flyball, 5D, EV 91.9 MPH)
|
Batting: LHB Didi Gregorius
|
0-0: Called Strike 0-1: Ball 1-1: Fly out, F9 (Flyball, 9S, EV 90.6 MPH)
|
Bottom of the 5th over - 0 runs, 1 hit, 0 errors, 1 left on base; Arizona 0 - Pittsburgh 1 |
TOP OF THE 6TH |
Arizona Diamondbacks batting - Pitching for Pittsburgh Pirates : RHP Michel Baez
|
Batting: LHB Raimel Tapia
|
0-0: Called Strike 0-1: SINGLE (Line Drive, 4MD, EV 98.8 MPH)
|
Batting: RHB Gleyber Torres
|
0-0: Ball 1-0: Called Strike 1-1: Fly out, F7 (Line Drive, 7, EV 90.6 MPH)
|
Batting: RHB Anthony Rendon
|
0-0: Ball 1-0: Swinging Strike 1-1: Ball 2-1: Foul Ball, location: 2F 2-2: Strikes out swinging
|
Batting: RHB Fernando Tatis Jr.
|
0-0: Ball 1-0: Ball 2-0: Ball 3-0: Base on Balls Raimel Tapia to second
|
Batting: LHB Ryan McMahon
|
0-0: Ball 1-0: Ball 2-0: Fly out, F9 (Flyball, 9LS, EV 87.5 MPH)
|
Top of the 6th over - 0 runs, 1 hit, 0 errors, 2 left on base; Arizona 0 - Pittsburgh 1 |
BOTTOM OF THE 6TH |
Pittsburgh Pirates batting - Pitching for Arizona Diamondbacks : LHP Max Fried
|
Batting: RHB Franmil Reyes
|
0-0: Called Strike 0-1: DOUBLE (Groundball, 5L, EV 110.0 MPH)
|
Batting: RHB Ryan Zimmerman
|
0-0: Fly out, F9 (Flyball, 9D, EV 107.5 MPH) Runner from 2nd tags up, SAFE at 3rd, no throw by RF
|
Batting: RHB Renato Nunez
|
0-0: Fly out, F5 (Popup, 56, EV 76.3 MPH)
|
Batting: LHB Jason Kipnis
|
0-0: Fly out, F5 (Line Drive, 5, EV 68.8 MPH)
|
Bottom of the 6th over - 0 runs, 1 hit, 0 errors, 1 left on base; Arizona 0 - Pittsburgh 1 |
TOP OF THE 7TH |
Arizona Diamondbacks batting - Pitching for Pittsburgh Pirates : RHP Michel Baez
|
Batting: LHB Josh Reddick
|
0-0: Swinging Strike 0-1: Foul Ball, location: 2F 0-2: Strikes out swinging
|
Batting: SHB Francisco Mejia
|
0-0: Fly out, F7 (Flyball, 7D, EV 108.8 MPH)
|
Pinch Hitting: LHB Alex Verdugo
|
0-0: Ball 1-0: Ball 2-0: Called Strike 2-1: Ground out 6-3 (Groundball, 6M, EV 108.1 MPH)
|
Top of the 7th over - 0 runs, 0 hits, 0 errors, 0 left on base; Arizona 0 - Pittsburgh 1 |
BOTTOM OF THE 7TH |
Pittsburgh Pirates batting - Pitching for Arizona Diamondbacks : LHP Max Fried
|
Pitching: RHP Kodi Whitley
|
|
Batting: RHB Josh Phegley
|
0-0: Ball 1-0: Foul Ball, location: 2F 1-1: Ball 2-1: Ball 3-1: Foul Ball, location: 2F 3-2: Strikes out swinging
|
Batting: RHB Michel Baez
|
0-0: Called Strike 0-1: Swinging Strike 0-2: Ball 1-2: Foul Ball, location: 2F 1-2: Strikes out swinging
|
Batting: RHB Byron Buxton
|
0-0: Called Strike 0-1: Ball 1-1: Hit by Pitch
|
Batting: LHB LaMonte Wade Jr.
|
0-0: Ball 1-0: Swinging Strike 1-1: Ball Byron Buxton is caught stealing 2nd base 2-6
|
Bottom of the 7th over - 0 runs, 0 hits, 0 errors, 0 left on base; Arizona 0 - Pittsburgh 1 |
TOP OF THE 8TH |
Arizona Diamondbacks batting - Pitching for Pittsburgh Pirates : RHP Michel Baez
|
Batting: RHB Ramon Laureano
|
0-0: Called Strike 0-1: Ball 1-1: Foul Ball, location: 2F 1-2: Foul Ball, location: 2F 1-2: Foul Ball, location: 2F 1-2: Foul Ball, location: 2F 1-2: Foul Ball, location: 2F 1-2: Foul Ball, location: 2F 1-2: Foul Ball, location: 2F 1-2: Foul Ball, location: 2F 1-2: Strikes out looking
|
Pitching: RHP Seranthony Dominguez
|
|
Batting: LHB Raimel Tapia
|
0-0: Ball 1-0: Ball 2-0: Called Strike 2-1: Swinging Strike 2-2: Ball 3-2: Strikes out looking
|
Batting: RHB Gleyber Torres
|
0-0: Ball 1-0: Swinging Strike 1-1: Called Strike 1-2: Strikes out swinging
|
Top of the 8th over - 0 runs, 0 hits, 0 errors, 0 left on base; Arizona 0 - Pittsburgh 1 |
BOTTOM OF THE 8TH |
Pittsburgh Pirates batting - Pitching for Arizona Diamondbacks : RHP Kodi Whitley
|
Pitching: RHP Brandon S. White
|
|
Batting: LHB LaMonte Wade Jr.
|
0-0: Ball 1-0: Called Strike 1-1: SINGLE (Line Drive, 9LS, EV 104.4 MPH)
|
Batting: LHB Didi Gregorius
|
0-0: Ball 1-0: Fly out, F9 (Flyball, 9, EV 80.6 MPH)
|
Batting: RHB Franmil Reyes
|
0-0: Swinging Strike 0-1: Called Strike 0-2: Strikes out looking
|
Batting: RHB Ryan Zimmerman
|
0-0: Ball Pickoff Throw to First - Out! 1-3
|
Bottom of the 8th over - 0 runs, 1 hit, 0 errors, 0 left on base; Arizona 0 - Pittsburgh 1 |
TOP OF THE 9TH |
Arizona Diamondbacks batting - Pitching for Pittsburgh Pirates : RHP Seranthony Dominguez
|
Pitching: LHP Taylor Rogers
|
|
Batting: RHB Anthony Rendon
|
0-0: Swinging Strike 0-1: Hit by Pitch
|
Batting: RHB Fernando Tatis Jr.
|
0-0: Called Strike 0-1: Foul Ball, location: 2F 0-2: Ball 1-2: Ball 2-2: Ball 3-2: 2-RUN HOME RUN (Flyball, 9LD, EV 83.8 MPH), Distance : 348 ft
|
Batting: LHB Ryan McMahon
|
0-0: Called Strike 0-1: Swinging Strike 0-2: Ball 1-2: Strikes out looking
|
Batting: LHB Josh Reddick
|
0-0: Ball 1-0: Called Strike 1-1: Ground out U3 (Groundball, 34, EV 85.0 MPH)
|
Batting: SHB Francisco Mejia
|
0-0: Fly out, F3 (Popup, 3F, EV 61.3 MPH)
|
Top of the 9th over - 2 runs, 1 hit, 0 errors, 0 left on base; Arizona 2 - Pittsburgh 1 |
BOTTOM OF THE 9TH |
Pittsburgh Pirates batting - Pitching for Arizona Diamondbacks : RHP Brandon S. White
|
Pitching: RHP Keone Kela
|
|
Now at C: William Contreras
|
|
Now in CF: Socrates Brito
|
|
Pinch Hitting: LHB Eric Thames
|
0-0: Ball 1-0: Ball 2-0: Called Strike 2-1: Ball 3-1: Foul Ball, location: 2F 3-2: Strikes out swinging
|
Batting: RHB Renato Nunez
|
0-0: Ball 1-0: Swinging Strike 1-1: Ball 2-1: Swinging Strike 2-2: Strikes out swinging
|
Batting: LHB Jason Kipnis
|
0-0: Foul Ball, location: 2F 0-1: Ball 1-1: Ground out 5-3 (Groundball, 5L, EV 76.9 MPH)
|
Bottom of the 9th over - 0 runs, 0 hits, 0 errors, 0 left on base; Arizona 2 - Pittsburgh 1 |
|